 Dungeon Crawl Stone Soup version 0.30.1-11-g7821555f0a (webtiles) character file.

Game seed: 4568525847573965033

207 Peloso the Shield-Bearer (level 5, -1/52 HPs)
             Began as a Minotaur Fighter on Dec 11, 2023.
             Killed from afar by an orc wizard (6 damage)
             ... with a magic dart
             ... on level 3 of the Dungeon.
             The game lasted 00:03:17 (1455 turns).

Peloso the Shield-Bearer (Minotaur Fighter)         Turns: 1455, Time: 00:03:17

Health: -1/52      AC: 11    Str: 21      XL:     5   Next: 54%
Magic:  0/4        EV: 11    Int:  2 (5)  God:
Gold:   95         SH:  5    Dex: 10 (11) Spells: 4/4 levels left

rFire   . . .        a - +0 long sword
rCold   + . .        d - +0 buckler
rNeg    . . .        b - +0 scale mail
rPois   .            (helmet unavailable)
rElec   .            (no cloak)
rCorr   .            c - +2 pair of gloves {hurl}
SInv    .            (no boots)
Will    .....        i - amulet of guardian spirit Stlth
                     (no ring)
HPRegen 0.28/turn    (no ring)
MPRegen 0.09/turn

%: clarity, guardian spirit
@: no status effects
A: horns 3, retaliatory headbutt, clarity, cold resistance 1
a: no special abilities


You were on level 3 of the Dungeon.
You visited 1 branch of the dungeon, and saw 3 of its levels.

You collected 95 gold pieces.

Inventory:

Hand Weapons
 a - a +0 long sword (weapon)
Armour
 b - a +0 scale mail (worn)
 c - a +2 pair of gloves of hurling (worn)
 d - a +0 buckler (worn)
Jewellery
 i - an amulet of guardian spirit (around neck)
Scrolls
 g - a scroll of teleportation {unknown}
 m - a scroll of identify {unknown}
 n - a scroll of brand weapon {unknown}
 o - a scroll of enchant armour {unknown}
Potions
 e - a potion of mutation
 h - a potion of haste {unknown}
 j - a potion of might
 k - a potion of magic {unknown}
 l - a potion of brilliance {unknown}


   Skills:
 + Level 7.4 Fighting
 + Level 7.1 Long Blades
 + Level 7.4 Armour
 + Level 5.3 Dodging
 + Level 7.5 Shields


You had 4 spell levels left.
You didn't know any spells.
Your spell library contained the following spells:

 Spells                   Type           Power      Damage    Failure   Level
 Apportation              Tloc           0%         N/A       88%         1
 Necrotise                Necr           0%         1d4       88%         1
 Summon Small Mammal      Summ           0%         N/A       88%         1
 Static Discharge         Conj/Air       0%         2-2/arc   96%         2
 Airstrike                Air            0%         2d(0-16)  100%        4
 Summon Lightning Spire   Summ/Air       0%         N/A       100%        4


Dungeon Overview and Level Annotations

Branches:
Dungeon (3/15)

Altars:

Shops:
D:2 !([

Annotations:
D:3 1 runed translucent door, ioannis32's ghost, amateur DgTm


Innate Abilities, Weirdness & Mutations

You have a pair of large horns on your head.
You reflexively headbutt those who attack you in melee.
You possess an exceptional clarity of mind.
Your flesh is cold resistant. (rC+)


Message History

The puff of flame hits you.
* * * LOW HITPOINT WARNING * * *
Something hits you but does no damage.
Things that are here:
a +0 whip; an orc corpse Something hits you but does no damage.
Something hits you but does no damage.
You closely miss something.
You feel less confused. Something hits you but does no damage.
You miss something. Something hits you.
* * * LOW HITPOINT WARNING * * *
You closely miss something. You block something's attack.
You miss something. Your headbutt misses something.
Something hits you but does no damage.
You hear some strange, mumbled words.
A puff of flame appears from out of thin air!
The puff of flame hits you.
* * * LOW HITPOINT WARNING * * *
You hit something.
You hear some strange, mumbled words.
A magic dart appears from out of thin air!
The magic dart hits you.
* * * LOW HITPOINT WARNING * * *
It was a potion of mutation.
You feel extremely strange.
You feel resistant to cold. The horns on your head grow some more.
Your thoughts seem clearer.
Something hits you but does no damage.
It was a potion of experience.
You feel more experienced!
Your Fighting skill gained 3 levels and is now at level 7!
Your Long Blades skill gained 4 levels and is now at level 7!
Your Armour skill gained 3 levels and is now at level 7!
Your Dodging skill gained 5 levels and is now at level 5!
Your Shields skill gained 3 levels and is now at level 7!
You have reached level 5!
You hear some strange, mumbled words.
A magic dart appears from out of thin air!
The magic dart hits you.
You die...

.# ######.#.#.## #.## .#
#........#.<# #...
.###........#..# #.##
.#..........#..# ....
##..........#..# .....#
#..........#..# #......
##.....##.#.#..# #.....#
..†...###.#.#))########.
#......
#......##.#..).{@.......
#.#...
#......##.##############
#......##.. ####.....##
#.....# #.......
#........ #........


There were no monsters in sight!

Vanquished Creatures
  4 adders
  A worm (D:2)
  2 dart slugs (D:2)
  3 orcs (D:3)
  8 endoplasms
  2 giant cockroaches (D:2)
  5 hobgoblins
  3 jackals (D:2)
  A quokka (D:2)
  6 ball pythons
  7 bats
  2 frilled lizards
  6 goblins (D:1)
  3 kobolds
  9 rats
62 creatures vanquished.

Notes
Turn   | Place    | Note
-------+----------+-------------------------------------------
     0 | D:1      | Peloso the Minotaur Fighter began the quest for the Orb.
     0 | D:1      | Reached XP level 1. HP: 19/19 MP: 0/0
   162 | D:1      | Reached XP level 2. HP: 27/27 MP: 1/1
   617 | D:1      | Reached XP level 3. HP: 33/33 MP: 2/2
   702 | D:2      | Found a faded altar of an unknown god.
   723 | D:2      | Found Byntam's Distillery.
   951 | D:2      | Found Cyaf Busyal's Antique Armour Boutique.
  1091 | D:2      | Found Zossufoch's Weapon Shoppe.
  1247 | D:3      | Found a runed translucent door.
  1260 | D:3      | Reached XP level 4. HP: 40/41 MP: 3/3
  1261 | D:3      | Noticed ioannis32's ghost (amateur DgTm)
  1454 | D:3      | Gained mutation: Your flesh is cold resistant. (rC+)
                  | [potion of mutation]
  1454 | D:3      | Gained mutation: You have a pair of large horns on your
                  | head. [potion of mutation]
  1454 | D:3      | Gained mutation: You possess an exceptional clarity of
                  | mind. [potion of mutation]
  1455 | D:3      | Reached skill level 5 in Dodging
  1455 | D:3      | Reached XP level 5. HP: 4/52 MP: 0/4
  1455 | D:3      | Killed from afar by an orc wizard

Illustrated notes

Levels and vault maps discovered:
D:1:      matt_arrival_diagonals, layout_loops_ring, st_stairs_13
D:2:      layout_rooms, ebering_ecumenical_altar_box, serial_shops,
          nicolae_square_shop, shop, nicolae_shop_industrial_runoff
D:3:      layout_basic, ebering_ghost_sewer_f, serial_shops,
          nicolae_shop_hallway_plus

Skill      XL: |  1  2  3  4 |
---------------+-------------+-----
Shields        | 4 7 |  7.5
Armour         | 4 7 |  7.4
Fighting       | 4 7 |  7.4
Long Blades    | 3 7 |  7.1
Dodging        | 5 |  5.3

Action                     |  1- 3 |  4- 6 || total
---------------------------+-------+-------++-------
  Melee: Long sword        |    86 |    64 ||   150
         Headbutt          |    17 |     4 ||    21
    Use: Potion            |     3 |     2 ||     5
 Armour: Scale mail        |    33 |    53 ||    86
  Dodge: Dodged            |    63 |    22 ||    85
  Block: Buckler           |    11 |    11 ||    22
